 Dungeon Crawl Stone Soup version 0.27-a0-1416-g941b2bd30b (webtiles) character file.

Game seed: 291793589930063289

30 pyrow613 the Slasher (level 2, 0/54 HPs)
             Began as a Demigod Gladiator on July 1, 2021.
             Slain by Natasha (7 damage)
             ... on level 2 of the Dungeon.
             The game lasted 00:01:26 (1093 turns).

pyrow613 the Slasher (Demigod Gladiator)            Turns: 1093, Time: 00:01:26

Health: 0/54       AC: 21    Str: 15    XL:     2   Next: 84%
Magic:  4/4        EV:  2    Int: 10    God:
Gold:   5          SH:  0    Dex: 15    Spells: 1/1 levels left

rFire    . . .     SeeInvis .   a - +0 long sword
rCold    . . .     Faith    .   (no shield)
rNeg     + + +     Spirit   .   (armour currently unavailable)
rPois    +         Reflect  .   (helmet currently unavailable)
rElec    .         Harm     .   (cloak currently unavailable)
rCorr    .         Rampage  .   (gloves currently unavailable)
Will     .....     NoTele   +   (boots currently unavailable)
Stlth    ..........             (no amulet)
HPRegen  0.18/turn              (no ring)
MPRegen  0.09/turn              (no ring)

@: berserking, tree-form, studying Hexes, very quick
A: stationary, stasis, torment immunity, boosted hp, high mp 1, forlorn
a: no special abilities


You were on level 2 of the Dungeon.
You were a tree.
You visited 1 branch of the dungeon, and saw 2 of its levels.

You collected 5 gold pieces.

Inventory:

Hand Weapons
 a - a +0 long sword (weapon)
 j - a +0 hunting sling
Missiles
 d - 3 throwing nets (quivered)
Armour
 b - a +0 leather armour (melded)
 c - a +0 helmet (melded)
Scrolls
 e - a scroll of summoning {unknown}
Potions
 i - a potion of might {unknown}


   Skills:
 + Level 2.3 Fighting
 * Level 3.5 Long Blades
 - Level 1.7 Throwing
 - Level 2.6 Dodging


You had one spell level left.
You didn't know any spells.
Your spell library was empty.

Dungeon Overview and Level Annotations

Branches:
Dungeon (2/15)

Annotations:
D:2 Natasha


Innate Abilities, Weirdness & Mutations

You are a tree.
Your roots penetrate the ground, keeping you stationary.
You cannot be teleported.
You are immune to unholy pain and torment.
Your maximum health is greatly increased.
Your equipment is partially melded.
Your attributes grow dramatically as you level up.
You have an increased reservoir of magic. (+10% MP)
You shall have no god before yourself.


Message History

HP restored.
Natasha, Servant of Life and Death comes into view.
Natasha hisses angrily.
Natasha mumbles some strange words.
A quokka comes into view.
Found a book of Necromancy.
A rat comes into view.
Found a club.
Natasha casts a spell at you. You resist with significant effort.
You closely miss the shadow imp. Natasha completely misses you.
The shadow imp barely misses you.
You riposte.
You slash the shadow imp!
The shadow imp is almost dead.
The shadow imp hits you. Natasha barely misses you.
You completely miss the shadow imp.
The shadow imp is almost dead.
Natasha claws you. The shadow imp gestures at you.
Pain shoots through your body!
Ouch! That really hurt!
* * * LOW HITPOINT WARNING * * *
The rat closely misses you.
You riposte.
You slash the rat!
You kill the rat!
The quokka misses you.
The shadow imp sputters.
The quokka barely misses you.
You riposte.
You closely miss the quokka.
It was a potion of cancellation.
You feel magically purged.
Natasha stares at you and mumbles some strange words.
You resist with significant effort. The quokka closely misses you.
Drop what? 9/52 slots (_ for help) (? for menu, Esc to quit)
Okay, then.
It was a potion of lignification.
You turn into a tree.
Your +0 helmet melds into your body.
Your +0 leather armour melds into your body.
Your roots penetrate the ground.
Natasha claws you but does no damage.
The quokka bites you but does no damage.
It was a potion of berserk rage.
A red film seems to cover your vision as you go berserk!
You feel yourself moving faster!
You feel mighty! Natasha claws you!
You die...

#.####..........
#.### .#.#
#.##.##.###
....#.#.#
#.##.##.#
###.....#.#
#.##.##.#
...)...#.#
#.##.##.#
#:...##.#
#.##.##.# ###
#....##.#
#.##.##.#
....#...5##.#
#.##.##.#
#....h♣..#
#.##.#
#....r####
#.....# #.....#
#.##### ... ...
... .##


You could see Natasha, a shadow imp (summoned) and a quokka.

Vanquished Creatures
  A dart slug (D:1)
  2 bats (D:1)
  3 endoplasms
  A giant cockroach (D:1)
  3 hobgoblins (D:1)
  4 jackals (D:1)
  A quokka (D:1)
  2 ball pythons (D:1)
  3 goblins (D:1)
  6 rats
26 creatures vanquished.

Notes
Turn   | Place    | Note
-------+----------+-------------------------------------------
     0 | D:1      | pyrow613 the Demigod Gladiator began the quest for the Orb.
     0 | D:1      | Reached XP level 1. HP: 17/17 MP: 3/3
   264 | D:1      | Reached skill level 3 in Long Blades
   281 | D:1      | Reached XP level 2. HP: 18/24 MP: 4/4
  1082 | D:2      | Noticed Natasha
  1093 | D:2      | Slain by Natasha

Illustrated notes

Levels and vault maps discovered:
D:1:      lightli_arrival_statuegarden, layout_rooms
D:2:      layout_basic, roderic_three_in_a_row, interstate_on_off, uniq_natasha

Skill      XL: |  1 |
---------------+----+-----
Long Blades    | 3 |  3.5
Fighting       | 2 |  2.3
Throwing       | |  1.7
Dodging        | |  2.6

Action                   || total
-------------------------++-------
Melee: Long sword        ||    48
  Use: Potion            ||     3
 Stab: Sleeping          ||     1
Armor: Leather armour    ||    12
       Skin              ||     2
Dodge: Dodged            ||    38
       Rpst.: Long sword ||    13

Table legend: (Time is in decaauts)
 A = Elapsed time spent in this place.
 B = Non-inter-level travel time spent in this place.
 C = Inter-level travel time spent in this place.
 D = Time resting spent in this place.
 E = Time spent auto-exploring this place.
 F = Levels seen in this place.
 G = Mean time per level.
                   A        B        C        D        E       F      G
               +--------+--------+--------+--------+--------+-----+--------+
         Total |   1104 |   1064 |     40 |    100 |    826 |   2 |  552.0 |
       Dungeon |   1104 |   1064 |     40 |    100 |    826 |   2 |  552.0 |
               +--------+--------+--------+--------+--------+-----+--------+

Top non-repeatable levels by time:
     D:1: 980 daAuts
     D:2: 124 daAuts
